 Dungeon Crawl Stone Soup version 0.17-a0-1596-g1e86911 (webtiles) character file.

112 Nakatomy the Digger (level 4, -6/24 HPs)
             Began as a Gargoyle Earth Elementalist on July 30, 2015.
             Killed by divine providence
             ... invoked by an orc priest
              (10 damage)
             ... on level 5 of the Dungeon.
             The game lasted 00:10:47 (2713 turns).

Nakatomy the Digger (Gargoyle Earth Elementalist)   Turns: 2713, Time: 00:10:47

Health: -6/24      AC:  5    Str: 12    XL:     4   Next: 95%
Magic:  0/9        EV: 12    Int: 16    God:
Gold:   202        SH:  0    Dex: 10    Spells: 3 memorised, 4 levels left

rFire  . . .     SeeInvis .     e - +0 dagger (speed)
rCold  . . .     Clarity  .     b - +0 robe
rNeg   + . .     SustAt   .     (no shield)
rPois  ∞         Gourm    .     p - +0 hat
rElec  +         Spirit   .     (no cloak)
rCorr  .         Warding  .     (no gloves)
rMut   .         Stasis   .     (no boots)
MR     .....                    (no amulet)
Stlth  +.........               (no ring)
                                (no ring)

@: very slightly contaminated, not resistant to hostile enchantments, very
unstealthy
A: negative energy resistance 1, electricity resistance, unbreathing,
petrification resistance, rot immunity, AC +3
a: no special abilities


You were on level 5 of the Dungeon.
You were very hungry.

You visited 1 branch of the dungeon, and saw 5 of its levels.

You collected 202 gold pieces.

Inventory:

Hand weapons
 e - a +0 dagger of speed (weapon)
Missiles
 a - 115 stones (quivered)
Armour
 b - a +0 robe (worn)
 p - a +0 hat (worn)
Scrolls
 f - 6 scrolls of identify {unknown}
 h - 2 scrolls of random uselessness {unknown}
 l - a scroll of amnesia {unknown}
 o - 2 scrolls of remove curse {unknown}
 s - a scroll of teleportation {unknown}
Potions
 j - 2 potions of agility {unknown}
 m - a potion of brilliance {unknown}
 n - a potion of curing {unknown}
 q - a potion of heal wounds {unknown}
 r - a potion of mutation {unknown}
Books
 c - a book of Geomancy

   Spells                             Type                      Level
   a - Sandblast                      Earth                        1
   b - Stoneskin                      Transmutation/Earth          2
   c - Passwall                       Transmutation/Earth          3
   d - Stone Arrow                    Conjuration/Earth            3
   e - Petrify                        Transmutation/Earth          4
   f - Lee's Rapid Deconstruction     Earth                        5
Comestibles
 d - 2 bread rations
 g - a slice of pizza
 i - 7 fruits
 k - 2 meat rations


   Skills:
 - Level 1.7 Dodging
 - Level 2.2 Stealth
 * Level 3.5 Spellcasting
 + Level 1.5 Conjurations
 - Level 0.7 Transmutations
 + Level 4.6 Earth Magic


You had 4 spell levels left.
You knew the following spells:

 Your Spells              Type           Power        Failure   Level  Hunger
a - Sandblast             Erth           ###...       3%          1    None
b - Stone Arrow           Conj/Erth      ##....       17%         3    ###....
c - Stoneskin             Trmt/Erth      ##......     10%         2    ##.....


Dungeon Overview and Level Annotations

Branches:
Dungeon (5/15)
 Temple: D:4-7

Altars:
Elyvilon
Gozag
Okawaru

Annotations:
D:3 Nakatomy's ghost, weakling GrEE
D:4 Fv001's ghost, average DsFi


Innate Abilities, Weirdness & Mutations

You are resistant to torment.
Your stone body is resilient (AC +3).
You are immune to poison.
You resist negative energy.
You are resistant to electric shocks.
You can survive without breathing.
You are immune to petrification.
You are immune to rotting.


Message History

* * * LOW HITPOINT WARNING * * *
Casting: Sandblast
Confirm with . or Enter, or press ? or * to list all spells.
Aiming: Sandblast
Press: ? - help, Shift-Dir - straight line, f/p - orc priest
Aim: an orc priest, wearing a leather armour You miscast Sandblast.
You are very lightly contaminated with residual magic.
Nothing appears to happen.
Casting: Sandblast
Confirm with . or Enter, or press ? or * to list all spells.
Aiming: Sandblast
Press: ? - help, Shift-Dir - straight line, f/p - orc priest
Aim: an orc priest, wearing a leather armour The blast of sand hits the orc priest.
The orc priest hits you.
* * * LOW HITPOINT WARNING * * *
You hit the orc priest but do no damage.
The orc priest invokes the aid of Beogh against you.
Something smites you!
You die...

#...>.#
#######.....#
...........##
#.############.###
#....5########..#
#.....§..o....#.#
##5o..#.o####.#.#
#...###.# ##.#..#
.... #@#'#≈##.##.#
### #_o.o_##.# ..
########.. ... ...
.... ### #..## #.#


You could see an orc priest and an orc wizard.

Vanquished Creatures
  A crimson imp (D:5)
  3 adders
  An ooze (D:1)
  A worm (D:2)
  2 giant geckos (D:1)
  An orc (D:5)
  8 goblins
  7 hobgoblins (D:1)
  7 kobolds
  2 bats
  9 rats
42 creatures vanquished.

Notes
Turn   | Place    | Note
--------------------------------------------------------------
     0 | D:1      | Nakatomy the Gargoyle Earth Elementalist began the quest for the Orb.
     0 | D:1      | Reached XP level 1. HP: 10/10 MP: 3/3
    86 | D:1      | Reached skill level 4 in Earth Magic
    86 | D:1      | Reached XP level 2. HP: 6/15 MP: 0/5
   484 | D:1      | Reached XP level 3. HP: 11/19 MP: 0/6
   720 | D:1      | Learned a level 3 spell: Stone Arrow
   723 | D:1      | Learned a level 2 spell: Stoneskin
  1591 | D:2      | Reached XP level 4. HP: 24/24 MP: 6/8
  1676 | D:2      | Reached skill level 1 in Conjurations
  1841 | D:2      | Found an opulent altar of Gozag.
  2287 | D:3      | Noticed Nakatomy's ghost (weakling GrEE)
  2353 | D:4      | Noticed Fv001's ghost (average DsFi)
  2674 | D:3      | You fall through a shaft for 2 floors!
  2674 | D:5      | Entered Level 5 of the Dungeon
  2698 | D:5      | Found a white marble altar of Elyvilon.
  2698 | D:5      | Found an iron altar of Okawaru.
  2713 | D:5      | Killed from afar by an orc priest

Vault maps used:
D:1:      minmay_arrival_shoal_huts
D:2:      first_bread, nicolae_gozag_cash_rules_everything_around_me
D:4:      vehumet_altar_wand_db, serial_shops, shop
D:5:      gammafunk_temple_overflow_elements, temple_statues, uniq_menkaure

Action                   |  1- 3 |  4- 6 || total
-------------------------+-------+-------++-------
Melee: Unarmed           |     5 |       ||     5
       Dagger            |    17 |     3 ||    20
 Cast: Sandblast         |    51 |    35 ||    86
       Stone Arrow       |       |     2 ||     2
  Eat: Chunk             |     1 |     2 ||     3
       Fruit             |     1 |     1 ||     2
